 Dungeon Crawl Stone Soup version 0.21.1-1-g345015f (webtiles) character file.

3142 nightchill the Slicer (level 10, -3/80 HPs)
             Began as a Formicid Fighter on Apr 6, 2018.
             Was an Initiate of Uskayaw.
             Slain by Gastronok (15 damage)
             ... on level 8 of the Dungeon.
             The game lasted 00:36:53 (9863 turns).

nightchill the Slicer (Formicid Fighter)            Turns: 9863, Time: 00:36:53

Health: -3/80      AC:  8    Str: 24    XL:     10   Next: 15%
Magic:  4/13       EV:  9    Int:  8    God:    Uskayaw [......]
Gold:   385        SH: 11    Dex: 10    Spells: 9/9 levels left

rFire    . . .     SeeInvis +   a - +0 rapier
rCold    . . .     Gourm    .   c - +0 shield
rNeg     + + .     Faith    .   x - +0 scale mail
rPois    .         Spirit   .   (helmet unavailable)
rElec    .         Reflect  .   B - +0 cloak
rCorr    .         Harm     .   (no gloves)
MR       +....                  (no boots)
Stlth    ..........             (no amulet)
HPRegen  0.23/turn              K - ring of positive energy
MPRegen  0.13/turn              q - ring of positive energy

@: no status effects
A: permanent stasis, dig shafts and tunnels, four strong arms, antennae 3
a: Dig, Shaft Self, Renounce Religion


You were on level 8 of the Dungeon.
You worshipped Uskayaw.
Uskayaw was noncommittal.
You were not hungry.

You visited 2 branches of the dungeon, and saw 9 of its levels.

You collected 385 gold pieces.

Inventory:

Hand Weapons
 a - a +0 rapier (weapon)
 b - a +2 dagger of venom
 h - a +0 dagger
 u - a +0 hunting sling
 z - a +3 falchion of draining
Missiles
 g - 274 stones (quivered)
 l - 10 tomahawks
Armour
 c - a +0 shield (worn)
 s - a +0 cloak
 v - a +1 leather armour of positive energy
 x - a +0 scale mail (worn)
 B - a +0 cloak (worn)
Jewellery
 i - an uncursed ring of fire
 k - an uncursed ring of stealth
 q - a ring of positive energy (right hand)
 K - a ring of positive energy (left hand)
Wands
 w - a wand of random effects (24)
 y - a wand of iceblast (12)
 C - a wand of digging (24)
Scrolls
 d - a scroll of identify
 r - 3 scrolls of magic mapping
 t - 3 scrolls of immolation
 F - a scroll of fog
 G - a scroll of amnesia
Potions
 e - 2 potions of flight
 j - a potion of ambrosia {unknown}
 m - a potion of curing
 n - 5 potions of haste {unknown}
 o - a potion of lignification {unknown}
 p - 3 potions of brilliance
 A - 2 potions of mutation {unknown}
 D - 2 potions of invisibility
 J - 2 potions of agility {unknown}
Comestibles
 f - 11 rations
 H - 7 chunks of flesh


   Skills:
 + Level 8.2 Fighting
 * Level 9.9 Short Blades
 - Level 3.2 Armour
 + Level 6.6 Shields
 + Level 5.3 Invocations


You had 9 spell levels left.
You didn't know any spells.

Dungeon Overview and Level Annotations

Branches:
Dungeon (8/15)             Temple (1/1) D:4
   Lair: D:8-11

Altars:
Ashenzari
Cheibriados
Elyvilon
Fedhas
Gozag
Kikubaaqudgha
Makhleb
Okawaru
Qazlal
Sif Muna
Uskayaw
Wu Jian
Xom
Yredelemnul

Shops:
D:7 [   D:8 (

Annotations:
D:8 Gastronok


Innate Abilities, Weirdness & Mutations

You cannot be hasted, slowed, berserked, paralysed or teleported.
You can dig through walls and to a lower floor.
Your four strong arms can wield two-handed weapons with a shield.
You have a pair of large antennae on your head. (SInv)


Message History

You stomp with the beat, sending a shockwave through the revelers around you!
Gastronok is severely wounded.
You feel somewhat more hungry.
You can no longer stomp with the beat.
Okay, then.
You hit Gastronok but do no damage.
Gastronok is severely wounded.
Gastronok sloshes about.
Gastronok chants a spell, wobbling all the while.
You hit Gastronok.
Gastronok is severely wounded.
The rat disappears in a puff of smoke!
The bat closely misses you.
You hit Gastronok.
Gastronok is severely wounded.
The bat barely misses you.
You hit Gastronok but do no damage.
Gastronok is severely wounded.
You block the quokka's attack. The quokka closely misses you.
You block the bat's attack. Gastronok bites you!
You die...

...##.)####....#
.....$.........#
#####.###
..###..........#
........ .#
##>........###.......
.# #.............<....
.# #.........###.....
.# #..........#... .#
.# #.......#.r#.###.#
.# #........rw@b.#..#
.# #...######r#.#)#.#
.### #...#8...#.#.###.#
...# ###.###..#...# .#
...# #...))_#.#### .#
...#.....###..#....# .#
...#.###.#8...#.##.##.#
...# # ..######.#.....#
...#.##.........#..###


You could see Gastronok, 3 quokkas and a bat.

Vanquished Creatures
  The ghost of Flooderbenga the Grave Robber, an amateur GnNe (D:7)
  A hippogriff (D:7)
  Eustachio (D:4)
  A hungry ghost (D:7)
  2 humans (D:8)
  An orc warrior (D:8)
  An ice beast (D:7)
  A sky beast (D:7)
  2 ogres
  3 centaurs
  The ghost of Mirai the Magician, an amateur DECj (D:3)
  A big kobold (D:6)
  2 bullfrogs (D:6)
  2 scorpions
  3 wights (D:6)
  A crimson imp (D:5)
  A centaur zombie (D:7)
  A jelly (D:6)
  5 hounds
  Crazy Yiuf (D:3)
  A centaur skeleton (D:6)
  2 orc wizards
  A bullfrog skeleton (D:6)
  2 orc priests
  Jessica (D:3)
  Ijyb (D:4)
  Terence (D:2)
  Natasha (thrice) (D:2 D:4)
  2 iguanas
  4 worker ants
  2 hound zombies
  Robin (D:4)
  4 gnolls (D:2)
  8 adders
  3 oozes
  2 adder zombies (D:7)
  A worm (D:2)
  3 dart slugs (D:1)
  6 leopard geckos
  18 orcs
  12 giant cockroaches
  16 goblins
  8 hobgoblins
  22 jackals
  5 quokkas
  8 bats
  A frilled lizard (D:1)
  3 kobolds (D:1)
  2 leopard gecko skeletons
  11 rats
186 creatures vanquished.

Notes
Turn   | Place    | Note
-------+----------+-------------------------------------------
     0 | D:1      | nightchill the Formicid Fighter began the quest for the Orb.
     0 | D:1      | Reached XP level 1. HP: 18/18 MP: 1/1
   113 | D:1      | Reached XP level 2. HP: 24/24 MP: 2/2
   490 | D:1      | Found a snail-covered altar of Cheibriados.
   690 | D:1      | Reached XP level 3. HP: 29/29 MP: 3/3
   707 | D:1      | Reached skill level 3 in Short Blades
  1417 | D:2      | Found a faded altar of an unknown god.
  1486 | D:2      | Reached XP level 4. HP: 35/37 MP: 4/4
  1753 | D:2      | Noticed Natasha
  1769 | D:2      | Killed Natasha
  1968 | D:2      | Reached skill level 4 in Short Blades
  2321 | D:2      | Reached XP level 5. HP: 42/42 MP: 5/5
  2628 | D:3      | Noticed Jessica
  2632 | D:3      | Killed Jessica
  2662 | D:3      | Noticed Terence
  2684 | D:2      | Killed Terence
  2684 | D:2      | Reached XP level 6. HP: 35/49 MP: 6/6
  2687 | D:2      | Reached skill level 5 in Short Blades
  2804 | D:3      | Noticed Mirai's ghost (amateur DECj)
  3032 | D:3      | Killed Mirai's ghost
  3032 | D:3      | Reached skill level 5 in Fighting
  3366 | D:3      | Found a runed door.
  3370 | D:3      | Noticed Crazy Yiuf
  3378 | D:3      | Killed Crazy Yiuf
  3541 | D:4      | Noticed Eustachio
  3553 | D:4      | Killed Eustachio
  3553 | D:4      | Reached skill level 6 in Short Blades
  3553 | D:4      | Reached XP level 7. HP: 31/56 MP: 7/7
  3784 | D:5      | Entered Level 5 of the Dungeon
  4903 | D:5      | Reached skill level 7 in Short Blades
  4903 | D:5      | Reached XP level 8. HP: 61/64 MP: 8/8
  5261 | D:4      | Noticed Ijyb
  5273 | D:4      | Killed Ijyb
  5294 | D:4      | Noticed Robin
  5321 | D:4      | Killed Robin
  5415 | D:4      | Found a staircase to the Ecumenical Temple.
  5417 | D:4      | Noticed Natasha
  5427 | D:4      | Killed Natasha
  5445 | Temple   | Entered the Ecumenical Temple
  5449 | Temple   | Became a worshipper of Uskayaw the Reveler
  5723 | D:4      | Reached * piety under Uskayaw
  6042 | D:4      | Noticed Natasha
  6048 | D:4      | Killed Natasha
  6274 | D:5      | Reached ** piety under Uskayaw
  6428 | D:6      | Reached skill level 1 in Invocations
  6688 | D:6      | Reached *** piety under Uskayaw
  6689 | D:6      | Reached skill level 8 in Short Blades
  6690 | D:6      | Reached **** piety under Uskayaw
  7069 | D:6      | Found an ornate altar of the Wu Jian Council.
  7121 | D:6      | Reached XP level 9. HP: 69/72 MP: 9/11
  7356 | D:6      | Reached skill level 5 in Shields
  7554 | D:7      | Noticed a hippogriff
  7569 | D:7      | Killed a hippogriff
  7640 | D:7      | Noticed Flooderbenga's ghost (amateur GnNe)
  7650 | D:7      | Killed Flooderbenga's ghost
  7650 | D:7      | Reached skill level 9 in Short Blades
  7946 | D:7      | Found a deep blue altar of Sif Muna.
  8089 | D:7      | Found a blossoming altar of Fedhas.
  8341 | D:7      | Found Tayssohy's Antique Armour Boutique.
  8988 | D:8      | Found Joselud's Weapon Boutique.
  9295 | D:8      | Found an opulent altar of Gozag.
  9333 | D:8      | Reached XP level 10. HP: 43/80 MP: 6/13
  9590 | D:8      | Found an iron altar of Okawaru.
  9606 | D:8      | Reached skill level 5 in Invocations
  9800 | D:8      | Noticed Gastronok
  9863 | D:8      | Slain by Gastronok

Skill      XL: |  1  2  3  4  5  6  7  8  9 10 |
---------------+-------------------------------+-----
Short Blades   | 3 4 6 7 8 9 |  9.9
Fighting       | 4 5 6 7 8 |  8.2
Shields        | 4 6 |  6.6
Invocations    | 2 4 5 |  5.3
Armour         | |  3.2

Action                   |  1- 3 |  4- 6 |  7- 9 | 10-12 || total
-------------------------+-------+-------+-------+-------++-------
Melee: Rapier            |   125 |   185 |   535 |    71 ||   916
       Dagger            |       |       |     2 |       ||     2
Invok: Stomp             |       |       |     9 |     6 ||    15
       Line Pass         |       |       |     4 |       ||     4
 Abil: Dig               |       |     1 |     5 |     2 ||     8
  Use: Potion            |       |     1 |     4 |     1 ||     6
       Scroll            |       |       |    13 |       ||    13
 Stab: Paralysed         |       |       |     3 |       ||     3
       Confused          |       |       |     1 |       ||     1
  Eat: Chunk             |     2 |     6 |    14 |     3 ||    25
       Ration            |       |       |     4 |       ||     4
Armor: Scale mail        |    51 |   103 |   141 |     6 ||   301
Dodge: Dodged            |    37 |    80 |   112 |    12 ||   241
Block: Shield            |    80 |   108 |   191 |    21 ||   400
